 Dungeon Crawl Stone Soup version 0.31.0-32-g396128a36d (webtiles) character file.

Game seed: 7395155128263908879

618 PaiMei the Grave Robber (level 7, -3/76 HPs)
             Began as a Demonspawn Necromancer on Apr 11, 2024.
             Slain by an orc wizard
             ... wielding a +3 dagger
              (5 damage)
             ... on level 5 of the Dungeon.
             The game lasted 00:06:16 (5804 turns).

PaiMei the Grave Robber (Demonspawn Necromancer)    Turns: 5804, Time: 00:06:16

Health: -3/76      AC: 23    Str:  8    XL:     7   Next: 21%
Magic:  8/22       EV:  2    Int: 18    God:
Gold:   117        SH:  0    Dex: 21    Spells: 6/14 levels left

rFire   . . .        i - +1 whip (venom)
rCold   . . .        (no shield)
rNeg    . . .        a - melded +0 robe
rPois   +            (helmet currently unavailable)
rElec   .            l - melded +0 cloak
rCorr   .            (gloves currently unavailable)
SInv    .            (boots currently unavailable)
Will    .....        e - amulet of regeneration
Stlth   ++           h - ring of magical power
HPRegen 1.12/turn    t - +6 ring of dexterity
MPRegen 0.18/turn

%: no passive effects
@: on fire, tree-form, glowing
A: stationary, stasis, torment immunity, boosted hp, thin skeletal structure 1,
demonic guardian 2, ignite blood 2
a: no special abilities


You were on level 5 of the Dungeon.
You were a tree.
You visited 2 branches of the dungeon, and saw 6 of its levels.

You collected 117 gold pieces.

Inventory:

Hand Weapons
 i - a +1 whip of venom (weapon)
Missiles
 s - a throwing net
Armour
 a - a +0 robe (melded)
 l - a +0 cloak (melded)
Jewellery
 e - an amulet of regeneration (around neck)
 h - a ring of magical power (left branch)
 t - a +6 ring of dexterity (right branch)
Scrolls
 j - 3 scrolls of identify {unknown}
 k - a scroll of enchant armour {unknown}
 m - a scroll of poison {unknown}
 n - a scroll of butterflies {unknown}
 o - a scroll of noise {unknown}
 p - a scroll of vulnerability {unknown}
Potions
 b - a potion of magic
 c - a potion of lignification
 d - a potion of resistance {unknown}
 f - 2 potions of ambrosia {unknown}
 g - a potion of mutation {unknown}
 q - a potion of curing {unknown}
 r - a potion of haste {unknown}


   Skills:
 + Level 2.5 Fighting
 + Level 3.9 Dodging
 - Level 3.0 Stealth
 + Level 4.0 Spellcasting
 + Level 6.1 Necromancy


You had 6 spell levels left.
You knew the following spells:

 Your Spells              Type           Power      Damage    Failure   Level
a - Necrotise             Necr           100%       1d9       1%          1
b - Vampiric Draining     Necr           25%        2d7       3%          3
c - Animate Dead          Necr           25%        N/A       12%         4

Your spell library contained the following spells:

 Spells                   Type           Power      Damage    Failure   Level
 Ensorcelled Hibernation  Hex/Ice        6%         N/A       22%         2
 Curse of Agony           Necr           25%        N/A       32%         5
 Passwall                 Erth           3%         N/A       41%         3
 Swiftness                Air            3%         N/A       41%         3


Dungeon Overview and Level Annotations

Branches:
Dungeon (5/15)             Temple (1/1) D:4

Altars:
Ashenzari
Cheibriados
Dithmenos
Fedhas
Gozag
Makhleb
Okawaru
Qazlal
Ru
Sif Muna
Uskayaw
Wu Jian
Yredelemnul

Shops:
D:2 =   D:3 (


Innate Abilities, Weirdness & Mutations

You are a tree.
Your roots penetrate the ground, keeping you stationary.
You cannot be teleported.
You are immune to unholy pain and torment.
Your maximum health is greatly increased.
Your equipment is partially melded.
You have a somewhat thin skeletal structure. (Dex +2, Stealth+)
A demonic guardian rushes to your aid.
Your demonic aura often causes spilled blood to erupt in flames.


Message History

The liquid fire burns you!
The bombardier beetle sprays incendiary fluid at you.
The burning spray hits you.
You are even more covered in liquid fire!
Something barely misses you.
You shake off some of the fire as you move.
The liquid fire burns you!
The orc priest miscasts a cantrip.
Something hits you.
The bombardier beetle sprays incendiary fluid at you.
The burning spray misses you.
You shake off some of the fire as you move.
The liquid fire burns you! Something hits you.
The orc priest casts a cantrip, but nothing happens.
You bump into the rock wall.
The liquid fire burns you! Something hits you but does no damage.
The bombardier beetle sprays incendiary fluid at you.
The burning spray hits you.
You are even more covered in liquid fire!
You shake off some of the fire as you move.
The liquid fire burns you!
The orc priest calls down the wrath of Beogh upon you.
Beogh smites you!
* * * LOW HITPOINT WARNING * * *
You bump into the rock wall.
The liquid fire burns you!
* * * LOW HITPOINT WARNING * * *
A demonic guardian appears!
You feel less confused. Something hits you.
* * * LOW HITPOINT WARNING * * *
It was a potion of lignification.
You turn into a tree.
Your +0 cloak melds into your body.
Your +0 robe melds into your body.
Your roots penetrate the ground.
The liquid fire burns you!
* * * LOW HITPOINT WARNING * * *
Something hits you.
You die...

#################
#......4♣........
#.....#.#..#####
###..##o..#..######
.........B.<.......
.#...######)#######
#.. #)# .#. # ##


You could see a bombardier beetle, an orc priest and a friendly rust devil
(summoned).

Vanquished Creatures
  An ogre (D:4)
  A scorpion (D:4)
  A bombardier beetle (D:4)
  A hound (D:4)
  A jelly (D:4)
  2 orc priests (D:4)
  A sleepcap (D:5)
  4 orc wizards
  8 adders
  3 gnolls
  2 ribbon worms
  14 orcs
  6 ball pythons
  5 endoplasms
  3 giant cockroaches
  6 goblins
  A hobgoblin (D:4)
  4 jackals
  3 quokkas
  3 bats
  3 frilled lizards
  7 kobolds
  5 rats
85 creatures vanquished.

Vanquished Creatures (collateral kills)
  A gnoll (D:2)
  A jackal (D:3)
2 creatures vanquished.

Grand Total: 87 creatures vanquished

Notes
Turn   | Place    | Note
-------+----------+-------------------------------------------
     0 | D:1      | PaiMei the Demonspawn Necromancer began the quest for the
                  | Orb.
     0 | D:1      | Reached XP level 1. HP: 13/13 MP: 3/3
   352 | D:1      | Gained mutation: A weak demonic guardian rushes to your
                  | aid. [demonic ancestry]
   352 | D:1      | Reached XP level 2. HP: 19/19 MP: 3/5
  1582 | D:2      | Gained mutation: Your demonic aura sometimes causes spilled
                  | blood to erupt in flames. [demonic ancestry]
  1582 | D:2      | Reached XP level 3. HP: 12/24 MP: 3/6
  2212 | D:2      | Found Taclidoy's One-of-a-Kind Rings.
  2236 | D:2      | Gained mutation: Your demonic aura often causes spilled
                  | blood to erupt in flames. [demonic ancestry]
  2236 | D:2      | Reached XP level 4. HP: 20/30 MP: 2/7
  3007 | D:3      | Found Quthywn's Weapon Boutique.
  3275 | D:3      | Reached skill level 5 in Necromancy
  3782 | D:4      | Gained mutation: A demonic guardian rushes to your aid.
                  | [demonic ancestry]
  3782 | D:4      | Reached XP level 5. HP: 29/35 MP: 9/9
  4017 | D:4      | Learned a level 3 spell: Vampiric Draining
  4022 | D:4      | Learned a level 4 spell: Animate Dead
  4366 | D:4      | Reached skill level 1 in Fighting
  4444 | D:4      | Reached XP level 6. HP: 43/43 MP: 10/10
  4943 | D:4      | Found a staircase to the Ecumenical Temple.
  4952 | Temple   | Entered the Ecumenical Temple
  5215 | D:4      | Reached skill level 6 in Necromancy
  5215 | D:4      | Gained mutation: You have a somewhat thin skeletal
                  | structure. (Dex +2, Stealth+) [demonic ancestry]
  5215 | D:4      | Reached XP level 7. HP: 51/51 MP: 11/12
  5669 | D:5      | Entered Level 5 of the Dungeon
  5804 | D:5      | HP: 1/76 [burnt (5)]
  5804 | D:5      | Slain by an orc wizard

Illustrated notes

Levels and vault maps discovered:
D:1:      ldierk_walled_garden, layout_basic
D:2:      layout_loops_corners, nicolae_shop_unique_rings
D:3:      cheibrodos_helix_gallery, layout_loops_corners,
          mainiacjoe_overflow_boulevard, serial_shops, shop
D:4:      layout_basic, minmay_temple_entry_tees, minmay_misc_feat_plants
D:5:      layout_loops_ring
Temple:   jpeg_temple_clearing

Skill      XL: |  1  2  3  4  5  6  7 |
---------------+----------------------+-----
Stealth        | 2 3 |  3.0
Dodging        | 2 3 |  3.9
Necromancy     | 5 6 |  6.1
Spellcasting   | 3 4 |  4.0
Fighting       | 1 2 |  2.5

Action                     |  1- 3 |  4- 6 |  7- 9 || total
---------------------------+-------+-------+-------++-------
  Melee: Unarmed           |    10 |       |       ||    10
         Dagger            |    13 |       |       ||    13
         Whip              |     1 |    16 |     8 ||    25
   Cast: Necrotise         |    53 |    87 |    20 ||   160
         Vampiric Draining |       |    11 |     8 ||    19
    Use: Potion            |       |       |     1 ||     1
   Stab: Distracted        |     1 |       |       ||     1
 Armour: Robe              |    27 |    26 |    15 ||    68
         Skin              |       |       |     1 ||     1
  Dodge: Dodged            |    30 |    34 |    13 ||    77
